 Dungeon Crawl Stone Soup version 0.21.0-3-g78d12a8 (webtiles) character file.

300326 Coron the Slayer (level 20, -4/204 HPs)
             Began as a Minotaur Berserker on Jan 11, 2018.
             Was the Champion of Trog.
             Killed from afar by a deep elf death mage (31 damage)
             ... with a bolt of negative energy
             ... on level 3 of the Elven Halls on Jan 12, 2018.
             The game lasted 02:10:01 (38412 turns).

Coron the Slayer (Minotaur Berserker)              Turns: 38412, Time: 02:10:01

Health: -4/204     AC: 42    Str: 32    XL:     20   Next: 80%
Magic:  21/21      EV:  6    Int:  4    God:    Trog [******]
Gold:   1473       SH: 11    Dex:  9    Spells: 19/19 levels left

rFire    . . .     SeeInvis +   N - +14 obsidian axe {chop, +Fly SInv *Curse}
rCold    + + +     Gourm    .   j - +0 shield {reflect}
rNeg     + . .     Faith    .   k - +4 crystal plate armour {rC+}
rPois    .         Spirit   .   d - +2 hat {MR+}
rElec    +         Reflect  +   Y - +2 cloak {rC+}
rCorr    .         Harm     .   K - +2 pair of gloves
MR       ++++.     Clarity  +   a - +2 pair of boots {Fly}
Stlth    ..........             O - amulet of the Aged Nights {+Fly rElec rN+ Regen+ Dex-2}
HPRegen  1.84/turn              (no ring)
MPRegen  0.17/turn              T - ring "Zoucoph" {rC+ AC+4 Str+2}

@: about to teleport, flying, mesmerised, regenerating, drained
A: retaliatory headbutt, horns 2, blurry vision 2, clarity, deformed body, low
mp 2
a: Berserk, Trog's Hand, Brothers in Arms, Burn Spellbooks, Renounce Religion,
Stop Flying


You were on level 3 of the Elven Halls.
You worshipped Trog.
Trog was exalted by your worship.
You were hungry.

You visited 5 branches of the dungeon, and saw 31 of its levels.
You visited the Abyss 2 times.
You visited 1 bazaar.
You also visited: Ice Cave.

You collected 4120 gold pieces.
You spent 2647 gold pieces at shops.

Inventory:

Hand Weapons
 N - the +14 obsidian axe (weapon) {chop, +Fly SInv *Curse}
   (You found it on level 6 of the Lair of Beasts)

   It inflicts extra damage upon your enemies.
   It lets you see invisible.
   It lets you fly.
   It curses itself when equipped.
 Q - a +1 broad axe of flaming
Missiles
 L - a throwing net (quivered)
Armour
 a - a +2 pair of boots of flying (worn)
 d - a +2 hat of magic resistance (worn)
 j - a +0 shield of reflection (worn)
 k - a +4 crystal plate armour of cold resistance (worn)
 A - a +1 shield of fire resistance
 K - a +2 pair of gloves (worn)
 Y - a +2 cloak of cold resistance (worn)
Jewellery
 m - an uncursed ring of fire
 r - the amulet of Ninoaf {*Drain Regen+ MP+9 Str+4}
   (You found it on level 4 of the Depths)

   [amulet of regeneration]

   It affects your strength (+4).
   It affects your magic capacity (+9).
   It increases your rate of regeneration.
   It causes draining when unequipped.
 v - an uncursed ring of see invisible
 O - the amulet of the Aged Nights (around neck) {+Fly rElec rN+ Regen+ Dex-2}
   (You acquired it on level 1 of the Elven Halls)

   [amulet of regeneration]

   It affects your dexterity (-2).
   It insulates you from electricity.
   It protects you from negative energy.
   It lets you fly.
   It increases your rate of regeneration.
 T - the ring "Zoucoph" (right hand) {rC+ AC+4 Str+2}
   (You acquired it on level 6 of the Lair of Beasts)

   [ring of protection]

   It affects your AC (+4).
   It affects your strength (+2).
   It protects you from cold.
 U - an uncursed ring of resist corrosion
 V - the ring of the Stallion {rN+ Int+3 Dex+7 Slay+2 Stlth-}
   (You took it off a hell knight on level 4 of the Depths)

   [ring of intelligence]

   It affects your intelligence (+3).
   It affects your dexterity (+7).
   It affects your accuracy and damage with ranged weapons and melee attacks
   (+2).
   It protects you from negative energy.
   It makes you less stealthy.
Wands
 b - a wand of flame (21)
 h - a wand of digging (25)
 l - a wand of disintegration (11)
 w - a wand of random effects (26)
 x - a wand of polymorph (11)
 y - a wand of paralysis (49)
 H - a wand of enslavement (23)
 S - a wand of acid (51)
 W - a wand of iceblast (26)
Scrolls
 e - 10 scrolls of teleportation
 f - 2 scrolls of blinking
 g - 6 scrolls of fear
 i - 8 scrolls of remove curse
 p - a scroll of summoning
 B - a scroll of holy word
 C - 6 scrolls of fog
 G - 4 scrolls of magic mapping
 I - a scroll of silence
 Z - 2 scrolls of identify
Potions
 n - 3 potions of agility
 q - 8 potions of might
 s - 2 potions of invisibility
 u - 3 potions of resistance
 z - 14 potions of curing
 D - 5 potions of heal wounds
 F - 2 potions of magic
 J - 8 potions of haste
 P - 2 potions of mutation
Miscellaneous
 o - a phial of floods
 E - a lamp of fire
 R - a lightning rod (4/4)
 X - a fan of gales
Comestibles
 c - 74 rations
 t - 2 chunks of flesh


   Skills:
 - Level 23.3(21.9) Fighting
 + Level 22.9(21.5) Axes
 + Level 22.8(21.4) Armour
 - Level 2.4(1.5) Dodging
 + Level 7.1(6.1) Shields
 + Level 10.3(9.2) Evocations


You had 19 spell levels left.
You didn't know any spells.

Dungeon Overview and Level Annotations

Branches:
Dungeon (15/15)            Temple (0/1) D:4            Lair (6/6) D:9
  Swamp (0/4) Lair:2        Snake (0/4) Lair:4        Slime (0/5) Lair:5
    Orc (2/2) D:12            Elf (3/3) Orc:2        Vaults (0/5) D:13
 Depths (5/5) D:15            Zot (0/5) Depths:5

Altars:
Cheibriados
Dithmenos
Fedhas
Gozag
Makhleb
Nemelex Xobeh
Okawaru
Qazlal
Ru
Sif Muna
Trog
Uskayaw
Vehumet
Zin
Jiyva

Shops:
D:4 [   D:9 (   D:11 =   D:12 *   D:14 [   Orc:1 %   Orc:2 [!(?   Elf:3 *%(
Depths:1 *}*:}   Depths:3 !

Portals:
Hell: Depths:1 Depths:2 Depths:3 Depths:4 Depths:5
Abyss: Depths:1 Depths:2 Depths:4
Pandemonium: Depths:3 Depths:4 Depths:5
Ziggurat: Depths:1

Annotations:
D:5 Relec
D:8 Psyche
Elf:3 exclusions: 2 doors and 3 more exclusions
Depths:1 24 runed doors
Depths:4 2 runed doors


Innate Abilities, Weirdness & Mutations

You reflexively headbutt those who attack you in melee.
You have a pair of horns on your head.
Scrolls take you longer to read.
You possess an exceptional clarity of mind.
Armour fits poorly on your strangely shaped body.
Your magical capacity is very low. (-20% MP)


Message History

* * * LOW HITPOINT WARNING * * *
You hear a shout!
Your skin crawls.
You feel resistant to hostile enchantments.
You feel somewhat more hungry.
The deep elf sorcerer wildly gestures.
The deep elf sorcerer glows brightly for a moment.
The cacodemon gestures at you.
Strange energies course through your body.
Your body twists and deforms.
The deep elf annihilator casts a spell.
The deep elf annihilator blinks!
The deep elf annihilator casts a spell.
The deep elf annihilator blinks!
The deep elf mage gestures wildly while chanting.
The deep elf death mage gestures at you while chanting.
The bolt of negative energy hits the cacodemon.
The cacodemon completely resists.
The bolt of negative energy hits you! You partially resist.
You feel drained.
You die...

,,,***,,,* ****** #............)
*,,,,,,,** *,,,,**###.#.......##
*,,,*,,,* *,,,,,** #.##.)...###
**,,*,,** *+**,,,*##'###...####
*,,*,,* ****,,**,,##...#####....
***,,,****,,,,,,*,,#.....###.....
,,*,,,*,,.,eee,,+,,#......##..##.
,,,,,,,,,..ee#######.......#..#..
,,,,*,,,,§e1ee22@33#.......+.....
,,,***,,,e33eee###.........#..#..
,,,,*,,,,3eeeeeee§.#......##..#..
,,,,,,,,,see2#######.....###.....
,,*,,,*,,e244e,,+,,##...## ##....
***,,,***#.4,,,,*,,**#+## ###.#
*,*,* #***,,**,,* #.# ##.#. *,*,*
*+**,,,* #.# ##.### *,*,*
*,,,,,**##.## #.## #


You could see a Tzitzimitl, 2 cacodemons, a balrug, 3 deep elf annihilators, 4
deep elf death magi, 2 deep elf sorcerers, 3 deep elf elementalists, a soul
eater, a shadow demon, 2 deep elf demonologists, a deep elf high priest, a
hellwing, a deep elf mage, a smoke demon, a neqoxec, a redback, a friendly
sixfirhy and a friendly smoke demon.

Vanquished Creatures
  Mara (Depths:1)
  Sojobo (Depths:1)
  8 caustic shrikes
  2 bone dragons (Depths:3)
  A golden dragon (Depths:5)
  Jorgrun (Depths:2)
  A lich (Depths:2)
  Asterion (Elf:3)
  A deep elf master archer (Elf:3)
  2 deep elf blademasters
  2 tentacled starspawn (Abyss:2)
  Gastronok (Lair:1)
  4 tengu reavers
  A sphinx (Depths:4)
  4 shadow dragons
  Donald (Elf:3)
  2 deep elf sorcerers
  2 fire giants
  2 cacodemons (Depths:4)
  3 frost giants
  A deep elf elementalist (Elf:3)
  Aizul (Depths:1)
  2 draconian stormcallers (Depths:5)
  7 very ugly things
  A reaper (IceCv)
  7 stone giants
  4 deep elf demonologists
  2 black draconians (Depths:5)
  A red draconian (Depths:5)
  A green draconian (Depths:5)
  2 spark wasps (Depths:3)
  Azrael (Elf:2)
  3 deep elf annihilators
  A blizzard demon (Depths:4)
  2 white draconians (Depths:5)
  7 ettins
  A deep elf death mage (Depths:4)
  Snorg (D:11)
  A green death (Depths:3)
  11 fire dragons
  Erolcha (D:11)
  6 great orbs of eyes
  3 yaktaur captains
  A deep elf high priest (Depths:4)
  2 ogre magi
  9 hydras
  3 ice dragons
  4 vault guards (D:13)
  3 rakshasas
  A spriggan air mage (Depths:4)
  A death knight (Abyss:2)
  An anaconda (Lair:4)
  The ghost of Inchmeat the Grappler, a novice TrMo of Ru (D:9)
  3 centaur warriors
  9 two-headed ogres
  5 deep troll shamans
  6 deep troll earth magi
  6 tengu warriors
  An orc high priest (Elf:3)
  4 hell hogs (Abyss:2)
  26 dancing weapons
  17 deep elf knights
  5 small abominations
  4 soul eaters (Depths:5)
  2 sun demons (Depths:5)
  Nergalle (D:11)
  17 hell knights
  A salamander mystic (Depths:2)
  A death drake (shapeshifter) (Depths:3)
  17 deep trolls
  3 iron trolls
  A storm dragon skeleton (Depths:2)
  A spark wasp zombie (Depths:2)
  2 glowing orange brains
  An unseen horror (D:13)
  5 skeletal warriors (D:15)
  19 deep elf archers
  A spatial maelstrom (Abyss:2)
  A shadow demon (Depths:5)
  The ghost of bande the Chopper, a novice GrFi of Okawaru (D:7)
  An obsidian statue (Depths:5)
  A swamp dragon (Lair:6)
  7 necromancers
  Pikel (D:7)
  4 wizards
  4 orc knights
  4 oklob plants (Lair:5)
  4 elephants (Lair:6)
  3 manticores
  68 deep elf magi
  3 orc sorcerers
  29 ugly things
  5 cyclopes
  2 salamanders (shapeshifter) (Depths:5)
  2 rust devils
  2 fire giant skeletons
  4 salamanders
  2 eyes of devastation (shapeshifter)
  A smoke demon (Abyss:2)
  2 ice statues (IceCv)
  10 black mambas
  An apocalypse crab (Abyss:2)
  3 orange demons
  A torpor snail (shapeshifter) (Depths:4)
  A torpor snail (Lair:6)
  Joseph (Lair:1)
  A gargoyle (D:14)
  4 spiny frogs
  A rime drake (Lair:6)
  4 komodo dragons
  12 kobold demonologists
  14 yaktaurs
  12 ice devils
  A tormentor (Depths:5)
  4 hellwings
  2 queen bees
  An ancient zyme (Abyss:2)
  A golden dragon simulacrum (Depths:3)
  3 meliai (D:15)
  A red devil (Depths:5)
  9 polar bears (Lair:6)
  A meliai (shapeshifter) (D:14)
  8 trolls
  3 tengu conjurers
  Grinder (D:4)
  A sphinx simulacrum (Depths:3)
  8 raiju
  13 slime creatures
  A hornet (D:14)
  2 spriggan zombies
  Prince Ribbit (D:5)
  18 blink frogs
  4 large abominations (Abyss:2)
  8 hippogriffs
  A hippogriff (shapeshifter) (Depths:1)
  An ice dragon zombie (Depths:1)
  A centaur simulacrum (D:15)
  A ynoxinul (Depths:3)
  4 air elementals
  2 shadows (D:12)
  Sigmund (D:5)
  3 wraiths
  9 yaks
  4 water elementals
  5 wyverns
  A basilisk (Lair:2)
  6 fire elementals
  A hungry ghost (D:12)
  A neqoxec (Abyss:2)
  Grum (Lair:1)
  10 wargs
  4 steam dragons (Lair:6)
  A chaos spawn (Depths:3)
  6 vampire mosquitoes (D:13)
  A yaktaur simulacrum (Depths:1)
  A swamp worm (Lair:2)
  2 nagas (Lair:4)
  13 water moccasins
  Duvessa (D:7)
  16 hell hounds
  5 acid dragons
  A water moccasin (shapeshifter) (Depths:5)
  44 orc warriors
  A human skeleton (Depths:3)
  9 porcupines
  2 swamp drakes (Lair:6)
  A meliai simulacrum (D:10)
  An ice beast (shapeshifter) (Depths:2)
  A slave (D:7)
  11 black bears (Lair:6)
  4 phantoms
  A sky beast (D:10)
  11 ice beasts
  17 ogres
  An eye of draining (D:13)
  20 wolves
  6 boggarts
  26 centaurs
  9 crocodiles
  The ghost of buriedalive the Magician, an amateur DEFE (D:3)
  3 big kobolds
  13 bullfrogs
  A wyvern zombie (D:10)
  Dowan (D:7)
  2 earth elementals
  A wyvern skeleton (D:14)
  A scorpion (D:6)
  47 killer bees
  9 wights
  3 howler monkeys
  6 electric eels
  13 crimson imps
  A bullfrog zombie (D:12)
  A gnoll shaman (D:8)
  3 centaur zombies
  8 hounds
  15 orc priests
  2 bullfrog skeletons
  5 jellies
  4 quasits
  8 centaur skeletons
  4 iron imps
  4 iguanas
  Terence (D:3)
  12 orc wizards
  7 worker ants
  A bullfrog simulacrum (D:10)
  2 hound zombies
  8 gnolls
  11 adders
  5 shadow imps
  9 white imps
  5 ufetubi (IceCv)
  An ooze (D:3)
  An adder skeleton (D:2)
  A worm (D:3)
  A dart slug (D:2)
  3 leopard geckos
  76 orcs
  3 giant cockroaches
  6 goblins
  12 hobgoblins
  9 jackals
  33 kobolds
  6 quokkas
  A ball python (D:3)
  19 bats
  3 frilled lizards
  A giant cockroach zombie (D:6)
  A leopard gecko skeleton (D:8)
  A quokka skeleton (D:5)
  4 rats
  A crawling corpse (Depths:4)
  4 fungi
  4 plants (Lair:6)
  A starspawn tentacle (Abyss:2)
1276 creatures vanquished.

Vanquished Creatures (collateral kills)
  A juggernaut (Depths:5)
  A frost giant (Depths:4)
  A stone giant (Depths:3)
  A white draconian (Depths:5)
  3 ettins
  A fire dragon (Depths:4)
  2 ice dragons
  A spriggan air mage (Depths:4)
  A hydra (D:12)
  2 great orbs of eyes (Depths:4)
  A dancing weapon (Elf:2)
  A deep elf knight (Elf:1)
  A hell knight (Depths:4)
  A wretched star (Abyss:2)
  A sixfirhy (Abyss:2)
  An unseen horror (D:10)
  3 deep trolls
  A wizard (Depths:3)
  3 deep elf archers
  A golden dragon skeleton (Depths:3)
  7 deep elf magi
  4 ugly things
  A salamander (Depths:2)
  A spriggan zombie (Depths:2)
  A fire giant skeleton (Depths:1)
  A smoke demon (Depths:4)
  A yaktaur (Depths:5)
  A red devil (Depths:5)
  3 tengu conjurers
  2 slime creatures
  An ice dragon zombie (Depths:1)
  A spriggan simulacrum (Depths:2)
  3 neqoxecs
  3 spatial vortices (Abyss:2)
  A boggart (Depths:2)
  3 killer bees (D:10)
  2 wights (D:10)
  A crimson imp (Depths:5)
  An iron imp (Depths:5)
  A shadow imp (Depths:5)
  A white imp (Depths:5)
68 creatures vanquished.

Vanquished Creatures (others)
  A tengu reaver (Depths:3)
  A water elemental (Elf:1)
  2 slaves (D:7)
  A boggart (D:14)
  4 white imps (IceCv)
  An ufetubus (IceCv)
  An orc (D:7)
  A kobold (D:13)
  A fungus (Lair:3)
  11 plants
  A starspawn tentacle (Abyss:2)
25 creatures vanquished.

Grand Total: 1369 creatures vanquished

Notes
Turn   | Place    | Note
-------+----------+-------------------------------------------
     0 | D:1      | Coron the Minotaur Berserker began the quest for the Orb.
     0 | D:1      | Reached XP level 1. HP: 19/19 MP: 0/0
   351 | D:1      | Reached XP level 2. HP: 23/27 MP: 1/1
   591 | D:1      | Reached skill level 4 in Fighting
   863 | D:1      | Reached XP level 3. HP: 33/33 MP: 2/2
   988 | D:2      | Reached ** piety under Trog
  1325 | D:2      | Found a radiant altar of Vehumet.
  1362 | D:2      | Found an opulent altar of Gozag.
  1670 | D:3      | Reached XP level 4. HP: 40/41 MP: 3/3
  2113 | D:3      | Noticed Terence
  2119 | D:3      | Noticed buriedalive's ghost (amateur DEFE)
  2119 | D:3      | Killed Terence
  2119 | D:3      | Reached XP level 5. HP: 45/47 MP: 4/4
  2122 | D:3      | Reached *** piety under Trog
  2122 | D:3      | Reached skill level 5 in Axes
  2123 | D:3      | Killed buriedalive's ghost
  2123 | D:3      | Reached skill level 5 in Fighting
  2497 | D:3      | Found a sparkling altar of Nemelex Xobeh.
  2558 | D:3      | Reached XP level 6. HP: 56/56 MP: 5/5
  2640 | D:3      | Found a sacrificial altar of Ru.
  2640 | D:3      | Found a shadowy altar of Dithmenos.
  2790 | D:4      | Found a bloodstained altar of Trog.
  2919 | D:4      | Noticed Grinder
  2919 | D:4      | Paralysed by Grinder for 2 turns
  2934 | D:4      | Paralysed by Grinder for 3 turns
  2941 | D:4      | Paralysed by Grinder for 2 turns
  2950 | D:4      | Killed Grinder
  2950 | D:4      | Reached skill level 5 in Armour
  3204 | D:4      | Found a staircase to the Ecumenical Temple.
  3297 | D:4      | Found Luacwuim's Antique Armour Shoppe.
  3336 | D:4      | Reached XP level 7. HP: 45/61 MP: 6/6
  3706 | D:5      | Entered Level 5 of the Dungeon
  3763 | D:5      | Noticed Prince Ribbit
  4352 | D:5      | Found a transporter.
  4387 | D:5      | Found a transporter.
  4422 | D:5      | Noticed Sigmund
  4436 | D:5      | Killed Sigmund
  4436 | D:5      | Reached skill level 1 in Evocations
  4520 | D:5      | Found a glowing silver altar of Zin.
  4856 | D:6      | Reached **** piety under Trog
  4857 | D:6      | Reached XP level 8. HP: 64/68 MP: 8/8
  5541 | D:7      | Reached skill level 1 in Shields
  5589 | D:7      | Reached skill level 6 in Fighting
  5705 | D:7      | Found a blossoming altar of Fedhas.
  5791 | D:7      | Noticed Dowan
  5791 | D:7      | Noticed Duvessa
  5795 | D:7      | Noticed Pikel
  5810 | D:7      | Killed Duvessa
  5813 | D:7      | Killed Dowan
  5829 | D:7      | Killed Pikel
  5829 | D:7      | Reached XP level 9. HP: 61/75 MP: 9/11
  5981 | D:7      | Noticed bande's ghost (novice GrFi)
  5992 | D:7      | Killed bande's ghost
  5992 | D:7      | Reached skill level 7 in Fighting
  5992 | D:7      | Reached skill level 5 in Evocations
  6200 | D:8      | Noticed Psyche
  6486 | D:8      | Noticed a two-headed ogre
  6493 | D:8      | Killed a two-headed ogre
  6493 | D:8      | Reached skill level 8 in Fighting
  6746 | D:5      | Killed Prince Ribbit
  6746 | D:5      | Reached XP level 10. HP: 73/88 MP: 13/13
  6820 | D:9      | Found a staircase to the Lair.
  6832 | D:9      | Reached skill level 10 in Axes
  6854 | D:9      | Reached ***** piety under Trog
  6985 | D:9      | Reached skill level 5 in Shields
  6996 | D:9      | Noticed Inchmeat's ghost (novice TrMo)
  7020 | D:9      | Killed Inchmeat's ghost
  7090 | D:9      | Reached skill level 10 in Armour
  7126 | D:9      | HP: 4/88 [poisoned by a killer bee]
  7131 | D:9      | HP: 2/88 [poisoned by a killer bee]
  7136 | D:9      | HP: 2/88 [poisoned by a killer bee]
  7143 | D:9      | HP: 1/88 [poisoned by a killer bee]
  7151 | D:9      | HP: 1/88 [poisoned by a killer bee]
  7523 | D:9      | Received a gift from Trog
  7563 | D:9      | Found Eschilugaf's Antique Weapon Shop.
  7611 | D:9      | Found a deep blue altar of Sif Muna.
  7630 | D:9      | Found a hide-covered altar of Uskayaw.
  7980 | D:9      | Found a snail-covered altar of Cheibriados.
  8163 | D:10     | Entered Level 10 of the Dungeon
  8369 | D:10     | Reached skill level 9 in Fighting
  8386 | D:10     | Reached XP level 11. HP: 76/97 MP: 14/14
  8388 | D:10     | Found a deep blue altar of Sif Muna.
  8774 | D:10     | Noticed a two-headed ogre
  8783 | D:10     | Killed a two-headed ogre
  8821 | D:10     | Noticed a brown ugly thing
  8831 | D:10     | Killed an unseen horror
  8834 | D:10     | Killed a brown ugly thing
  9129 | D:10     | Reached skill level 10 in Fighting
  9283 | D:11     | Noticed Erolcha
  9284 | D:11     | Noticed Snorg
  9301 | D:11     | Killed Erolcha
  9305 | D:11     | Killed Snorg
  9679 | D:4      | Bought a runed plate armour for 624 gold pieces
  9769 | D:5      | Received a gift from Trog
  9772 | D:5      | Got a translucent hand axe {god gift}
  9784 | D:5      | Identified the +7 hand axe "Dudghebia" {flame, rC+} (Trog gifted it to you on level 5 of the Dungeon)
  9947 | D:11     | Noticed Nergalle
 10014 | D:11     | Reached skill level 11 in Fighting
 10072 | D:11     | Got a translucent scimitar
 10073 | D:11     | Identified the +2 scimitar "Nafut" {freeze, rC+} (You found it on level 11 of the Dungeon)
 10329 | D:11     | Got a jewelled glaive
 10336 | D:11     | Identified the +4 glaive of Wunopiyraaf {chop, rElec rF+ Str+4} (You found it on level 11 of the Dungeon)
 10349 | D:11     | Noticed a brown ugly thing
 10350 | D:11     | Noticed a four-headed hydra
 10355 | D:11     | Killed a brown ugly thing
 10360 | D:11     | Reached XP level 12. HP: 102/110 MP: 15/15
 10362 | D:11     | Killed a one-headed hydra
 10456 | D:11     | Killed Nergalle
 10491 | D:11     | Found a sparkling altar of Nemelex Xobeh.
 10643 | D:11     | Found Rykhy's Jewellery Shop.
 10736 | D:12     | Found a staircase to the Orcish Mines.
 10736 | D:12     | Found a blossoming altar of Fedhas.
 10891 | D:12     | Reached skill level 12 in Fighting
 10893 | D:12     | Noticed a seven-headed hydra
 10899 | D:12     | Killed a six-headed hydra
 11058 | D:12     | Noticed a seven-headed hydra
 11064 | D:12     | Killed a four-headed hydra
 11082 | D:12     | Found Zoprec's Demolitions Depot.
 11088 | D:12     | Noticed a five-headed hydra
 11104 | D:12     | Killed a one-headed hydra
 11111 | D:12     | Received a gift from Trog
 11402 | D:12     | Noticed a five-headed hydra
 11418 | D:12     | Killed a one-headed hydra
 11732 | D:13     | Reached skill level 13 in Fighting
 11774 | Orc:1    | Entered Level 1 of the Orcish Mines
 11778 | Orc:1    | Paralysed by an orc sorcerer for 6 turns
 11898 | Orc:2    | Entered Level 2 of the Orcish Mines
 11898 | Orc:2    | Found a staircase to the Elven Halls.
 11945 | Orc:1    | Found Sooga's Food Shop.
 11956 | Orc:1    | Received a gift from Trog
 12073 | Orc:1    | Noticed an ettin
 12080 | Orc:1    | Killed an ettin
 12396 | Lair:1   | Entered Level 1 of the Lair of Beasts
 12442 | Lair:1   | Reached XP level 13. HP: 120/122 MP: 18/18
 12536 | Lair:1   | Noticed Grum
 12559 | Lair:1   | Killed Grum
 12759 | Lair:1   | Noticed Gastronok
 12774 | Lair:1   | Killed Gastronok
 12774 | Lair:1   | Reached skill level 14 in Fighting
 12893 | Lair:1   | Noticed Joseph
 12905 | Lair:1   | Killed Joseph
 14182 | Lair:2   | Found a staircase to the Swamp.
 15127 | Lair:4   | Reached skill level 10 in Evocations
 15141 | Lair:4   | Found a staircase to the Snake Pit.
 16146 | Lair:5   | Found a viscous altar of Jiyva.
 16147 | Lair:5   | Found a staircase to the Slime Pits.
 16169 | Lair:5   | Reached skill level 15 in Fighting
 17003 | Lair:6   | Entered Level 6 of the Lair of Beasts
 17004 | Lair:6   | Found a frozen archway.
 17011 | Lair:6   | Received a gift from Trog
 17021 | Lair:6   | Reached XP level 14. HP: 98/135 MP: 20/20
 17262 | IceCv    | Entered an ice cave
 17635 | IceCv    | Noticed a reaper
 17647 | IceCv    | Killed a reaper
 17876 | Lair:6   | Identified a scroll of acquirement
 17878 | Lair:6   | Got a scintillating glass ring
 17880 | Lair:6   | Identified the ring "Zoucoph" {rC+ AC+4 Str+2} (You acquired it on level 6 of the Lair of Beasts)
 18464 | Lair:6   | Reached skill level 16 in Fighting
 18464 | Lair:6   | Reached skill level 15 in Axes
 18611 | Lair:6   | Received a gift from Trog
 18666 | Lair:6   | Reached skill level 15 in Armour
 18687 | Lair:6   | Reached ****** piety under Trog
 18922 | Lair:6   | Found the +14 obsidian axe {chop, +Fly SInv *Curse}
 19854 | Orc:2    | Received a gift from Trog
 20367 | Orc:2    | Found Gura's Antique Weapon Boutique.
 20367 | Orc:2    | Found Vebidan's Distillery.
 20369 | Orc:2    | Found Oseaff's Armour Emporium.
 20371 | Orc:2    | Found Poirez's Magic Scroll Shop.
 20383 | Orc:2    | Bought a scroll of fog for 24 gold pieces
 20383 | Orc:2    | Bought a scroll of enchant armour for 90 gold pieces
 20390 | Orc:2    | Bought 2 potions of resistance for 280 gold pieces
 20394 | Orc:2    | Bought a potion of heal wounds for 70 gold pieces
 20394 | Orc:2    | Bought a potion of heal wounds for 70 gold pieces
 21281 | D:13     | Found a gate to the Vaults.
 21284 | D:13     | Reached XP level 15. HP: 133/146 MP: 21/21
 21292 | D:13     | Received a gift from Trog
 21475 | D:13     | Reached skill level 17 in Fighting
 22338 | D:14     | Found Zalucrio's Armour Shoppe.
 22470 | D:15     | Entered Level 15 of the Dungeon
 22616 | D:15     | Received a gift from Trog
 23057 | D:15     | Found an iron altar of Okawaru.
 23483 | D:15     | Found a stormy altar of Qazlal.
 23897 | D:15     | Reached skill level 18 in Fighting
 23903 | D:15     | Received a gift from Trog
 24032 | D:15     | Found a staircase to the Depths.
 24162 | Depths:1 | Entered Level 1 of the Depths
 24174 | Depths:1 | Found Kiedgh's Gadget Shop.
 24184 | Depths:1 | Reached XP level 16. HP: 157/157 MP: 22/22
 24189 | Depths:1 | Noticed Mara
 24207 | Depths:1 | Noticed Coron's illusion
 24209 | Depths:1 | Killed Mara
 24259 | Depths:1 | Found Kuenig's Book Shop.
 24262 | Depths:1 | Found Oboteymp's General Store.
 24262 | Depths:1 | Found Vaekau's Gadget Boutique.
 24267 | Depths:1 | Found Tiyf's General Store.
 24270 | Depths:1 | Bought a potion of invisibility for 152 gold pieces
 24475 | Depths:1 | Noticed Aizul
 24484 | Depths:1 | Killed Aizul
 24839 | Depths:1 | Found a gateway to Hell.
 24843 | Depths:1 | Found a huge runed gate.
 24862 | Depths:1 | Found a gateway to a ziggurat.
 24885 | Depths:1 | Found a huge runed gate.
 24885 | Depths:1 | Found a huge runed gate.
 24887 | Depths:1 | Found a huge runed gate.
 24887 | Depths:1 | Found a huge runed gate.
 24891 | Depths:1 | Found a huge runed gate.
 24892 | Depths:1 | Found a huge runed gate.
 24892 | Depths:1 | Found a huge runed gate.
 24901 | Depths:1 | Found a huge runed gate.
 24902 | Depths:1 | Found a huge runed gate.
 24903 | Depths:1 | Found a huge runed gate.
 24911 | Depths:1 | Found a huge runed gate.
 24911 | Depths:1 | Found a huge runed gate.
 24911 | Depths:1 | Found a huge runed gate.
 24911 | Depths:1 | Found a huge runed gate.
 24911 | Depths:1 | Found a huge runed gate.
 24911 | Depths:1 | Found a huge runed gate.
 24911 | Depths:1 | Found a huge runed gate.
 24912 | Depths:1 | Found a huge runed gate.
 24913 | Depths:1 | Found a huge runed gate.
 24914 | Depths:1 | Found a huge runed gate.
 24922 | Depths:1 | Found a huge runed gate.
 24922 | Depths:1 | Found a huge runed gate.
 24922 | Depths:1 | Found a huge runed gate.
 24956 | Depths:1 | Noticed a tengu reaver
 24960 | Depths:1 | Killed a tengu reaver
 24961 | Depths:1 | Noticed Sojobo
 24961 | Depths:1 | Noticed a tengu reaver
 24976 | Depths:1 | Killed Sojobo
 24990 | Depths:1 | Killed a tengu reaver
 25225 | Depths:1 | Found a one-way gate to the infinite horrors of the Abyss.
 25476 | Depths:2 | Reached skill level 19 in Fighting
 25492 | Depths:2 | Noticed a lich
 25500 | Depths:2 | Killed a lich
 25650 | Depths:2 | Noticed Jorgrun
 25665 | Depths:2 | Killed Jorgrun
 25716 | Depths:2 | Noticed a tentacled monstrosity
 25754 | Depths:2 | Received a gift from Trog
 25784 | Depths:2 | Reached XP level 17. HP: 74/168 MP: 23/23
 26753 | Depths:3 | Found a hide-covered altar of Uskayaw.
 26753 | Depths:3 | Noticed a caustic shrike
 26753 | Depths:3 | Noticed a caustic shrike
 26781 | Depths:2 | Killed a caustic shrike
 26783 | Depths:2 | Killed a caustic shrike
 27609 | Elf:1    | Entered Level 1 of the Elven Halls
 27733 | Elf:1    | Reached skill level 20 in Fighting
 27753 | Elf:1    | Gained mutation: Your magical capacity is low. (-10% MP) [a neqoxec]
 28295 | Depths:3 | Received a gift from Trog
 29104 | Depths:3 | Found Heboimes's Distillery.
 29110 | Depths:3 | Bought a potion of haste for 150 gold pieces
 29604 | Depths:3 | Noticed a caustic shrike
 29604 | Depths:3 | Noticed a caustic shrike
 29604 | Depths:3 | Noticed a caustic shrike
 29605 | Depths:3 | Noticed a caustic shrike
 29606 | Depths:3 | Noticed a caustic shrike
 29740 | Depths:3 | Killed a caustic shrike
 29751 | Depths:3 | Killed a caustic shrike
 29758 | Depths:3 | Killed a caustic shrike
 29758 | Depths:3 | Reached XP level 18. HP: 180/180 MP: 21/21
 29764 | Depths:3 | Killed a caustic shrike
 29770 | Depths:3 | Killed a caustic shrike
 30210 | Depths:3 | Found a one-way gate leading to the halls of Pandemonium.
 30443 | Depths:4 | Reached skill level 21 in Fighting
 30469 | Depths:4 | Received a gift from Trog
 31301 | Depths:4 | Identified the +2 plate armour "Raarphi" {+Blink Int-2 Dex+4} (You took it off a tengu warrior on level 4 of the Depths)
 31462 | Depths:4 | Gained mutation: Scrolls take you a little longer to read. [a cacodemon]
 31506 | Depths:4 | Found a runed door.
 31509 | Depths:4 | Found a runed door.
 31514 | Depths:4 | Found the +5 demon whip "Spellbinder" {antimagic, MR+}
 31580 | Depths:4 | Cast into level 2 of the Abyss (a deep elf demonologist)
 31612 | Depths:4 | Escaped the Abyss
 31726 | Depths:4 | Received a gift from Trog
 31734 | Depths:4 | Found a burning altar of Makhleb.
 31748 | Depths:4 | Got a fine silver amulet
 31751 | Depths:4 | Identified the amulet of Ninoaf {*Drain Regen+ MP+9 Str+4} (You found it on level 4 of the Depths)
 31995 | Depths:4 | Identified the ring of the Stallion {rN+ Int+3 Dex+7 Slay+2 Stlth-} (You took it off a hell knight on level 4 of the Depths)
 32014 | Depths:5 | Entered Level 5 of the Depths
 32235 | Depths:5 | Noticed a golden dragon
 32261 | Depths:5 | Killed a golden dragon
 32261 | Depths:5 | Reached XP level 19. HP: 150/191 MP: 22/22
 32705 | Depths:5 | Noticed a juggernaut
 32716 | Depths:5 | Killed a juggernaut
 33026 | Depths:5 | Received a gift from Trog
 33192 | Depths:5 | Reached skill level 22 in Fighting
 33543 | Depths:5 | Found a gate to the Realm of Zot.
 34797 | Depths:3 | Noticed a bone dragon
 34798 | Depths:3 | Noticed a caustic shrike
 34802 | Depths:3 | Noticed a bone dragon
 34809 | Depths:3 | Killed a bone dragon
 34811 | Depths:3 | Killed a caustic shrike
 34818 | Depths:3 | Killed a bone dragon
 35435 | Elf:1    | Got a bound jade amulet
 35438 | Elf:1    | Identified the amulet of the Aged Nights {+Fly rElec rN+ Regen+ Dex-2} (You acquired it on level 1 of the Elven Halls)
 35469 | Elf:1    | Received a gift from Trog
 35725 | Elf:1    | Received a gift from Trog
 36009 | Elf:2    | Reached XP level 20. HP: 194/202 MP: 23/23
 36405 | Elf:2    | Received a gift from Trog
 36443 | Elf:2    | Found a huge runed gate.
 36443 | Elf:2    | Found a huge runed gate.
 36443 | Elf:2    | Found a huge runed gate.
 36443 | Elf:2    | Found a huge runed gate.
 36448 | Elf:2    | Found a huge runed gate.
 36659 | Elf:2    | Noticed Azrael
 36673 | Elf:2    | Reached skill level 23 in Fighting
 36674 | Elf:2    | Killed Azrael
 36880 | Elf:2    | Cast into level 2 of the Abyss (glaive of distortion)
 36908 | Abyss:2  | Found an ancient bone altar of Kikubaaqudgha.
 36992 | Abyss:2  | Found a shimmering altar of Xom.
 36995 | Abyss:2  | Found a shimmering altar of Xom.
 36996 | Abyss:2  | Found a shimmering altar of Xom.
 36996 | Abyss:2  | Found a shimmering altar of Xom.
 36996 | Abyss:2  | Found a corrupted altar of Lugonu.
 36996 | Abyss:2  | Found a shimmering altar of Xom.
 36996 | Abyss:2  | Found a shimmering altar of Xom.
 36996 | Abyss:2  | Found a shimmering altar of Xom.
 36996 | Abyss:2  | Found a shimmering altar of Xom.
 36996 | Abyss:2  | Found a shimmering altar of Xom.
 36997 | Abyss:2  | Found a shimmering altar of Xom.
 36997 | Abyss:2  | Found a shimmering altar of Xom.
 36997 | Abyss:2  | Found a shimmering altar of Xom.
 36997 | Abyss:2  | Found a shimmering altar of Xom.
 36997 | Abyss:2  | Found a shimmering altar of Xom.
 36999 | Abyss:2  | Gained mutation: Your magical capacity is very low. (-20% MP) [a neqoxec]
 37008 | Abyss:2  | Received a gift from Trog
 37180 | Abyss:2  | Noticed a bone dragon
 37223 | Elf:2    | Escaped the Abyss
 37342 | Elf:2    | Gained mutation: You possess an exceptional clarity of mind. [a neqoxec]
 37500 | Elf:3    | Entered Level 3 of the Elven Halls
 37552 | Elf:3    | Found a flickering gateway to a bazaar.
 37570 | Bazaar   | Entered a bazaar
 37574 | Bazaar   | Found Efe Ozea's Gadget Shop.
 37582 | Bazaar   | Bought a wand of acid (13) for 476 gold pieces
 37582 | Bazaar   | Bought a wand of digging (12) for 448 gold pieces
 37584 | Bazaar   | Bought a wand of iceblast (12) for 224 gold pieces
 37589 | Bazaar   | Found Yrushis's Antique Armour Shop.
 37895 | Elf:3    | Received a gift from Trog
 37904 | Elf:3    | Noticed Donald
 37906 | Elf:3    | Found Gatit's Weapon Shop.
 37911 | Elf:3    | Killed Donald
 37999 | Elf:3    | Found Ucvi's General Store.
 38005 | Elf:3    | Bought a potion of curing for 39 gold pieces
 38034 | Elf:3    | Found Ticuv's Food Boutique.
 38305 | Elf:3    | Noticed Asterion
 38311 | Elf:3    | Gained mutation: Scrolls take you longer to read. [a cacodemon]
 38315 | Elf:3    | Killed Asterion
 38409 | Elf:3    | HP: 7/204 [deep elf death mage/bolt of negative energy (13)]
 38412 | Elf:3    | Gained mutation: Armour fits poorly on your strangely shaped body. [a cacodemon]
 38412 | Elf:3    | Killed from afar by a deep elf death mage

Skill      XL: |  1  2  3  4  5  6  7  8  9 10 11 12 13 14 15 16 17 18 19 20 |
---------------+-------------------------------------------------------------+-----
Axes           | 4 5 6 7 8 9 11 13 14 15 17 18 20 21 22 | 22.9
Fighting       | 4 5 6 8 9 11 13 15 16 18 19 20 21 22 23 | 23.3
Armour         | 3 4 6 7 9 10 12 13 15 17 18 19 20 22 | 22.8
Evocations     | 2 4 6 8 10 | 10.3
Shields        | 4 6 7 |  7.1
Dodging        | |  2.4

Action                   |  1- 3 |  4- 6 |  7- 9 | 10-12 | 13-15 | 16-18 | 19-21 || total
-------------------------+-------+-------+-------+-------+-------+-------+-------++-------
Melee: Hand axe          |    98 |       |       |   279 |   162 |       |       ||   539
       Headbutt          |    16 |    16 |    36 |   127 |   352 |   195 |   160 ||   902
       War axe           |     2 |    85 |   195 |   256 |       |       |       ||   538
       Broad axe         |       |       |       |       |  1040 |   754 |   592 ||  2386
       Unarmed           |       |       |       |       |    17 |       |       ||    17
Invok: Berserk           |       |     3 |     6 |     8 |     4 |     2 |     1 ||    24
       Burn Spellbooks   |       |       |     1 |     1 |     1 |       |     1 ||     4
       Brothers in Arms  |       |       |       |     5 |       |     6 |     2 ||    13
       Trog's Hand       |       |       |       |       |       |     2 |     1 ||     3
Evoke: Wand              |       |       |       |    16 |       |       |       ||    16
       Lightning rod     |       |       |       |       |       |     4 |     1 ||     5
  Use: Scroll            |       |     4 |     5 |    10 |    16 |    14 |     8 ||    57
       Potion            |       |       |       |     9 |     1 |       |     1 ||    11
 Stab: Confused          |       |       |       |     1 |       |       |       ||     1
       Distracted        |       |       |       |       |       |     9 |     7 ||    16
  Eat: Chunk             |     2 |     8 |    13 |    16 |    39 |    37 |    12 ||   127
       Ration            |       |       |     1 |     4 |     1 |     2 |       ||     8
Armor: Animal skin       |    24 |     2 |       |       |       |       |       ||    26
       Ring mail         |       |    33 |    30 |       |       |       |       ||    63
       Chain mail        |       |       |    89 |   144 |       |       |       ||   233
       Skin              |       |       |       |    47 |     1 |       |       ||    48
       Plate armour      |       |       |       |   193 |   228 |       |       ||   421
       Crystal plate arm |       |       |       |       |   762 |   654 |   434 ||  1850
Dodge: Dodged            |    74 |    41 |   106 |   235 |   416 |   238 |   168 ||  1278
Block: Buckler           |       |       |    29 |   148 |   274 |   183 |   100 ||   734
       Shield            |       |       |       |       |       |       |    27 ||    27
       Reflection        |       |       |       |       |       |       |     1 ||     1
